 Dungeon Crawl Stone Soup version 0.24-a0-475-g5b41c6f198 (webtiles) character file.

Game seed: 13837710336779877561

30 vurker the Firebug (level 3, -3/23 HPs)
             Began as an Octopode Fire Elementalist on July 5, 2019.
             Slain by a scorpion (8 damage)
             ... on level 2 of the Dungeon.
             The game lasted 00:03:17 (1145 turns).

vurker the Firebug (Octopode Fire Elementalist)     Turns: 1145, Time: 00:03:18

Health: -3/23      AC:  1    Str:  7    XL:     3   Next: 20%
Magic:  1/6        EV: 13    Int: 18    God:
Gold:   103        SH:  0    Dex: 12    Spells: 0/6 levels left

rFire    . . .     SeeInvis .   c - +3 spear
rCold    . . .     Gourm    .   (no shield)
rNeg     . . .     Faith    .   (helmet restricted)
rPois    .         Spirit   .   (no amulet)
rElec    .         Reflect  .   (no ring)
rCorr    .         Harm     .   (no ring)
MR       .....                  (no ring)
Stlth    +++.......             (no ring)
HPRegen  0.07/turn              (no ring)
MPRegen  0.10/turn              (no ring)
                                (no ring)
                                (no ring)

@: lethally poisoned (-3 -> -13), flying
A: almost no armour, stealthy swim, amphibious, 8 rings, constrict 8, camouflage
1, gelatinous body 1
a: no special abilities


You were on level 2 of the Dungeon.
You were not hungry.

You visited 1 branch of the dungeon, and saw 2 of its levels.

You collected 103 gold pieces.

Inventory:

Hand Weapons
 c - a +3 spear (weapon)
   (You found it on level 2 of the Dungeon)
Jewellery
 a - a cursed ring of attention {unknown}
   (You found it on level 1 of the Dungeon)
Scrolls
 d - a scroll of enchant armour {unknown}
 f - a scroll of random uselessness {unknown}
 g - a scroll of teleportation {unknown}
Comestibles
 e - 2 rations {!d}


   Skills:
 + Level 1.0 Fighting
 - Level 2.0 Dodging
 - Level 2.6 Stealth
 + Level 2.3 Spellcasting
 + Level 1.5 Conjurations
 * Level 3.5 Fire Magic


You couldn't memorise any spells.
You knew the following spells:

 Your Spells              Type           Power        Failure   Level  Hunger
a - Flame Tongue          Conj/Fire      ##...        6%          1    #......
b - Throw Flame           Conj/Fire      ##....       10%         2    ##.....
c - Conjure Flame         Conj/Fire      ##......     19%         3    ###....

Your spell library contained the following spells:

 Spells                   Type           Power        Failure   Level  Hunger
 Inner Flame              Hex/Fire       #.......     26%         3    ###....
 Sticky Flame             Conj/Fire      ##......     52%         4    #####..
 Fireball                 Conj/Fire      ##........   86%         5    ######.


Dungeon Overview and Level Annotations

Branches:
Dungeon (2/15)

Altars:


Innate Abilities, Weirdness & Mutations

You cannot wear most types of armour.
You are very stealthy in the water. (Stealth+)
You are amphibious.
You can wear up to eight rings at the same time.
You can use your tentacles to constrict eight enemies at once.
Your skin changes colour to match your surroundings (Stealth+).
Your rubbery body absorbs attacks. (AC +1, EV +1)


Message History

Aim: a scorpion You reach to attack!
You hit the scorpion but do no damage.
Attack whom?
Aim: a scorpion You reach to attack!
You hit the scorpion but do no damage.
Attack whom?
Aim: a scorpion You reach to attack!
You hit the scorpion.
Attack whom?
Aim: a scorpion (moderately wounded)
You reach to attack!
You closely miss the scorpion.
Attack whom?
Aim: a scorpion (lightly wounded)
You reach to attack!
You closely miss the scorpion.
Attack whom?
Aim: a scorpion (lightly wounded)
You reach to attack!
You hit the scorpion.
Attack whom?
Aim: a scorpion (moderately wounded)
You reach to attack!
You hit the scorpion.
Attack whom?
Aim: a scorpion (heavily wounded)
You reach to attack!
You hit the scorpion.
Attack whom?
Aim: a scorpion (severely wounded)
You reach to attack!
You barely miss the scorpion.
Aim: a scorpion (severely wounded)
The flame tongue misses the scorpion.
The scorpion stings you!
Aim: a scorpion (severely wounded)
The flame tongue hits the scorpion but does no damage.
The scorpion stings you.
You are lethally poisoned!
The scorpion poisons you!
Aim: a scorpion (severely wounded)
The flame tongue hits the scorpion.
* * * LOW HITPOINT WARNING * * *
You feel sick. The scorpion misses you.
A rat comes into view.
It was a potion of flight.
You feel very buoyant.
You fly up into the air.
* * * LOW HITPOINT WARNING * * *
You feel sick. The scorpion stings you.
* * * LOW HITPOINT WARNING * * *
You hit the scorpion. You grab the scorpion. You constrict the scorpion.
* * * LOW HITPOINT WARNING * * *
You feel sick.
A rat comes into view.
The scorpion stings you!
You die...

###g# #.# ##########.#
#..........#
#.########## ...# #..#
#..# ###########
#..#### #..@s.(....
......# ####.#####.#.r
#..##.# #...#.....(.
#..##.#####.##.####.##
#..##........#.#
#.(########..#.# #...
...... .[.## ##.#....
#### ######


You could see a scorpion and a rat (wandering).

Vanquished Creatures
  2 dart slugs (D:1)
  A giant cockroach (D:1)
  4 goblins
  4 hobgoblins
  3 kobolds (D:1)
  A ball python (D:1)
  3 bats (D:1)
  3 frilled lizards
  5 rats (D:1)
26 creatures vanquished.

Notes
Turn   | Place    | Note
-------+----------+-------------------------------------------
     0 | D:1      | vurker the Octopode Fire Elementalist began the quest for
                  | the Orb.
     0 | D:1      | Reached XP level 1. HP: 11/11 MP: 3/3
   200 | D:1      | Reached XP level 2. HP: 14/18 MP: 5/5
   399 | D:1      | Learned a level 2 spell: Throw Flame
   668 | D:1      | Reached XP level 3. HP: 22/22 MP: 3/6
  1072 | D:2      | Reached skill level 1 in Fighting
  1129 | D:2      | Learned a level 3 spell: Conjure Flame
  1129 | D:2      | Noticed a scorpion
  1145 | D:2      | Slain by a scorpion

Levels and vault maps discovered:
D:1:      wander_arrival_chamber, layout_loops_ring, st_stairs_1
D:2:      layout_loops_ring, ashenzari_conservatory_becter, minivault_26

Skill      XL: |  1  2  3 |
---------------+----------+-----
Fighting       | 1 |  1.0
Dodging        | |  2.0
Stealth        | |  2.6
Spellcasting   | |  2.3
Conjurations   | |  1.5
Fire Magic     | |  3.5

Action                   || total
-------------------------++-------
Melee: Unarmed           ||    15
       Constrict         ||     6
       Tentacles         ||     4
       Spear             ||    10
 Cast: Flame Tongue      ||    32
       Throw Flame       ||     4
       Conjure Flame     ||     1
  Use: Potion            ||     1
 Stab: Sleeping          ||     3
  Eat: Chunk             ||     1
Armor: Skin              ||     4
Dodge: Dodged            ||    14

Table legend:
 A = Non-vault XP
 B = Vault XP
 C = Vault XP percentage of total XP
 D = Non-vault monster count
 E = Vault monster count
 F = Vault count percentage of total count
                 A         B        C        D         E       F
            +---------+---------+-------+---------+---------+-------
      Total |      41 |       3 |   6.8 |      24 |       2 |   7.7
            +---------+---------+-------+---------+---------+-------
        D:1 |      36 |       3 |   7.7 |      21 |       2 |   8.7
        D:2 |       5 |       0 |   0.0 |       3 |       0 |   0.0
            +---------+---------+-------+---------+---------+-------
